PA
PROVO MANGO @ VALLEY BLUE SOX
06/06/2034
 
TOP OF THE 1ST
Provo Mango batting - Pitching for Valley Blue Sox : RHP Jesús Vásquez
Pitching: RHP Jesús Vásquez
Batting: SHB Joe Chute 0-0: Called Strike
0-1: Ball
1-1: Swinging Strike
1-2: Ball
2-2: Strikes out swinging
Batting: LHB Nicol van Gorp 0-0: Foul Ball, location: 2F
0-1: Swinging Strike
0-2: Strikes out swinging
Batting: RHB Alejandro Mingo 0-0: Ball
1-0: Ball
2-0: Fly out, F7 (Flyball, 7S)
Top of the 1st over - 0 runs, 0 hits, 0 errors, 0 left on base; Provo 0 - Valley 0
BOTTOM OF THE 1ST
Valley Blue Sox batting - Pitching for Provo Mango : RHP Kevin Pruitt
Pitching: RHP Kevin Pruitt
Batting: RHB Marvin Overbeek 0-0: SINGLE (Flyball, 7S)
Batting: SHB Donnie Magee 0-0: Ball
Marvin Overbeek is caught stealing 2nd base
1-0: Called Strike
1-1: Called Strike
1-2: Ball
2-2: Ball
3-2: Base on Balls
Batting: RHB Rob Brooks 0-0: Foul Ball, location: 2F
0-1: Ball
1-1: Ball
2-1: SINGLE (Flyball, 8RS)
Donnie Magee to second
Batting: RHB Dallas Jiménez 0-0: Swinging Strike
0-1: Ball
1-1: Fly out, F6 (Popup, 6MD)
Batting: LHB Stuart Janssen 0-0: Fly out, F4 (Line Drive, 4)
Bottom of the 1st over - 0 runs, 2 hits, 0 errors, 2 left on base; Provo 0 - Valley 0
TOP OF THE 2ND
Provo Mango batting - Pitching for Valley Blue Sox : RHP Jesús Vásquez
Batting: RHB António Amaya 0-0: SINGLE (Line Drive, 9S)
Batting: SHB John Ramírez 0-0: Ball
1-0: Ball
2-0: Ball
3-0: Called Strike
3-1: Swinging Strike
3-2: DOUBLE (Groundball, 3L)
António Amaya to third
Batting: RHB Tim Jordan 0-0: Ball
1-0: Ball
2-0: Ball
3-0: Called Strike
3-1: Base on Balls
Batting: RHB Juan Ibarra 0-0: Ball
1-0: Ball
2-0: Foul Ball, location: 2F
2-1: Ball
3-1: Base on Balls
António Amaya scores
John Ramírez to third
Tim Jordan to second
Batting: SHB Celio Guimaraens 0-0: Foul Ball, location: 2F
0-1: Swinging Strike
0-2: Strikes out swinging
Batting: RHB Daniel Woods 0-0: Ball
1-0: Ball
2-0: Called Strike
2-1: Called Strike
Error on foul ball, E2
2-2: Strikes out looking
Batting: SHB Joe Chute 0-0: Ball
1-0: SINGLE (Line Drive, 89S)
John Ramírez scores
Tim Jordan to third
Juan Ibarra to second
Batting: LHB Nicol van Gorp 0-0: Ball
1-0: DOUBLE (Flyball, 8RD)
Tim Jordan scores
Juan Ibarra scores
Joe Chute to third
Runner from 3rd tries for Home, SAFE, no throw
Batting: RHB Alejandro Mingo 0-0: Ball
1-0: Ball
Passed Ball!
Nicol van Gorp to third
2-0: Swinging Strike
2-1: Fly out, F7 (Flyball, 7LS)
Top of the 2nd over - 5 runs, 4 hits, 1 error, 1 left on base; Provo 5 - Valley 0
BOTTOM OF THE 2ND
Valley Blue Sox batting - Pitching for Provo Mango : RHP Kevin Pruitt
Batting: SHB Rich McElroy 0-0: Ball
1-0: Foul Ball, location: 2F
1-1: Ground out 6-3 (Groundball, 6M)
Batting: RHB Jon Huband 0-0: Swinging Strike
0-1: Ball
1-1: Ball
2-1: Ground out 4-3 (Groundball, 4)
Batting: RHB Grady Harris 0-0: Ball
1-0: Ground out 3-1 (Groundball, 34S)
Bottom of the 2nd over - 0 runs, 0 hits, 0 errors, 0 left on base; Provo 5 - Valley 0
TOP OF THE 3RD
Provo Mango batting - Pitching for Valley Blue Sox : RHP Jesús Vásquez
Batting: RHB António Amaya 0-0: Called Strike
0-1: Ball
1-1: Foul Ball, location: 2F
1-2: Strikes out swinging
Batting: SHB John Ramírez 0-0: Ball
1-0: Ball
2-0: Foul Ball, location: 2F
2-1: Fly out, F4 (Popup, 4MD)
Batting: RHB Tim Jordan 0-0: Ball
1-0: Ball
2-0: Foul Ball, location: 2F
2-1: Ground out 5-3 (Groundball, 56)
Top of the 3rd over - 0 runs, 0 hits, 0 errors, 0 left on base; Provo 5 - Valley 0
BOTTOM OF THE 3RD
Valley Blue Sox batting - Pitching for Provo Mango : RHP Kevin Pruitt
Batting: RHB Jeff Fox 0-0: Fly out, F7 (Flyball, 7S)
Batting: RHB Marvin Overbeek 0-0: Called Strike
0-1: Ball
1-1: Fly out, F7 (Flyball, 7)
Batting: SHB Donnie Magee 0-0: Foul Ball, location: 2F
0-1: Ball
1-1: Swinging Strike
1-2: Foul Ball, location: 2F
1-2: Strikes out swinging
Bottom of the 3rd over - 0 runs, 0 hits, 0 errors, 0 left on base; Provo 5 - Valley 0
TOP OF THE 4TH
Provo Mango batting - Pitching for Valley Blue Sox : RHP Jesús Vásquez
Batting: RHB Juan Ibarra 0-0: SINGLE (Groundball, 6MD)
Batting: SHB Celio Guimaraens 0-0: Called Strike
0-1: Foul Ball, location: 2F
0-2: Ball
1-2: Fly out, F8 (Flyball, 8RD)
Batting: RHB Daniel Woods 0-0: Called Strike
0-1: Ball
1-1: Ball
2-1: Foul Ball, location: 2F
2-2: Foul Ball, location: 2F
2-2: Ball
3-2: Strikes out swinging
Batting: SHB Joe Chute 0-0: Ball
1-0: Foul Ball, location: 2F
1-1: Foul Ball, location: 2F
1-2: Foul Ball, location: 2F
1-2: Fly out, F4 (Line Drive, 34)
Top of the 4th over - 0 runs, 1 hit, 0 errors, 1 left on base; Provo 5 - Valley 0
BOTTOM OF THE 4TH
Valley Blue Sox batting - Pitching for Provo Mango : RHP Kevin Pruitt
Batting: RHB Rob Brooks 0-0: Ball
1-0: Ground out 6-3 (Groundball, 56)
Batting: RHB Dallas Jiménez 0-0: Foul Ball, location: 2F
0-1: Ball
1-1: Foul Ball, location: 2F
1-2: Ground out 6-3 (Groundball, 6)
Batting: LHB Stuart Janssen 0-0: Swinging Strike
0-1: Ball
1-1: Called Strike
1-2: Ball
2-2: Foul Ball, location: 2F
2-2: Ball
3-2: Fly out, F8 (Line Drive, 8LM)
Bottom of the 4th over - 0 runs, 0 hits, 0 errors, 0 left on base; Provo 5 - Valley 0
TOP OF THE 5TH
Provo Mango batting - Pitching for Valley Blue Sox : RHP Jesús Vásquez
Batting: LHB Nicol van Gorp 0-0: Ball
1-0: Foul Ball, location: 2F
1-1: Swinging Strike
1-2: Ball
2-2: Foul Ball, location: 2F
2-2: Ground out 3-1 (Groundball, 34S)
Batting: RHB Alejandro Mingo 0-0: Ground out 6-3 (Groundball, 6)
Batting: RHB António Amaya 0-0: Ball
1-0: Ground out 4-3 (Groundball, 4M)
Top of the 5th over - 0 runs, 0 hits, 0 errors, 0 left on base; Provo 5 - Valley 0
BOTTOM OF THE 5TH
Valley Blue Sox batting - Pitching for Provo Mango : RHP Kevin Pruitt
Batting: SHB Rich McElroy 0-0: Ball
1-0: Swinging Strike
1-1: Ground out U3 (Groundball, 34)
Batting: RHB Jon Huband 0-0: Ball
1-0: Ball
2-0: Foul Ball, location: 2F
2-1: Ground out 5-3 (Groundball, 56)
Batting: RHB Grady Harris 0-0: Ground out 1-3 (Groundball, P)
Bottom of the 5th over - 0 runs, 0 hits, 0 errors, 0 left on base; Provo 5 - Valley 0
TOP OF THE 6TH
Provo Mango batting - Pitching for Valley Blue Sox : RHP Jesús Vásquez
Pitching: RHP Naoaki Iwasaki
Batting: SHB John Ramírez 0-0: Ball
1-0: Ball
2-0: Foul Ball, location: 2F
2-1: Ball
3-1: Called Strike
3-2: Strikes out swinging
Batting: RHB Tim Jordan 0-0: Called Strike
0-1: Ball
1-1: Ball
2-1: Foul Ball, location: 2F
2-2: Foul Ball, location: 2F
2-2: Foul Ball, location: 2F
2-2: Ball
3-2: Foul Ball, location: 2F
3-2: SOLO HOME RUN (Flyball, 78XD), Distance : 386 ft
Batting: RHB Juan Ibarra 0-0: Foul Ball, location: 2F
0-1: Foul Ball, location: 2F
0-2: Ground out 1-3 (Groundball, 15S)
Batting: SHB Celio Guimaraens 0-0: Ball
1-0: Foul Ball, location: 2F
1-1: Ball
2-1: Foul Ball, location: 2F
2-2: Ground out 3-1 (Groundball, 34)
Top of the 6th over - 1 run, 1 hit, 0 errors, 0 left on base; Provo 6 - Valley 0
BOTTOM OF THE 6TH
Valley Blue Sox batting - Pitching for Provo Mango : RHP Kevin Pruitt
Batting: RHB Jeff Fox 0-0: Ball
1-0: Ball
2-0: Ball
3-0: Called Strike
3-1: Fly out, F8 (Flyball, 8LS)
Batting: RHB Marvin Overbeek 0-0: Called Strike
0-1: Swinging Strike
0-2: Strikes out swinging
Batting: SHB Donnie Magee 0-0: Ball
1-0: Called Strike
1-1: Fly out, F9 (Flyball, 9S)
Bottom of the 6th over - 0 runs, 0 hits, 0 errors, 0 left on base; Provo 6 - Valley 0
TOP OF THE 7TH
Provo Mango batting - Pitching for Valley Blue Sox : RHP Naoaki Iwasaki
Batting: RHB Daniel Woods 0-0: Foul Ball, location: 2F
0-1: Ball
1-1: Called Strike
1-2: Ground out 1-3 (Groundball, P)
Batting: SHB Joe Chute 0-0: Fly out, F7 (Flyball, 7D)
Batting: LHB Nicol van Gorp 0-0: Swinging Strike
0-1: Swinging Strike
0-2: Ball
1-2: Foul Ball, location: 2F
1-2: Strikes out looking
Top of the 7th over - 0 runs, 0 hits, 0 errors, 0 left on base; Provo 6 - Valley 0
BOTTOM OF THE 7TH
Valley Blue Sox batting - Pitching for Provo Mango : RHP Kevin Pruitt
Batting: RHB Rob Brooks 0-0: Ball
1-0: Foul Ball, location: 2F
1-1: Ball
2-1: Ball
3-1: Fly out, F9 (Flyball, 9D)
Batting: RHB Dallas Jiménez 0-0: Called Strike
0-1: Ball
1-1: Ball
2-1: Ball
3-1: Called Strike
3-2: Strikes out looking
Batting: LHB Stuart Janssen 0-0: Ball
1-0: Foul Ball, location: 2F
1-1: Foul Ball, location: 2F
1-2: Fly out, F7 (Flyball, 7LD)
Bottom of the 7th over - 0 runs, 0 hits, 0 errors, 0 left on base; Provo 6 - Valley 0
TOP OF THE 8TH
Provo Mango batting - Pitching for Valley Blue Sox : RHP Naoaki Iwasaki
Batting: RHB Alejandro Mingo 0-0: Ball
1-0: Swinging Strike
1-1: Called Strike
1-2: Ball
2-2: Foul Ball, location: 2F
2-2: Ball
3-2: DOUBLE (Line Drive, 78D)
Batting: RHB António Amaya 0-0: Swinging Strike
0-1: Swinging Strike
0-2: Strikes out swinging
Batting: SHB John Ramírez 0-0: Ball
1-0: Foul Ball, location: 2F
1-1: Foul Ball, location: 2F
1-2: Strikes out swinging
Batting: RHB Tim Jordan 0-0: Ball
1-0: Fly out, F7 (Flyball, 7)
Top of the 8th over - 0 runs, 1 hit, 0 errors, 1 left on base; Provo 6 - Valley 0
BOTTOM OF THE 8TH
Valley Blue Sox batting - Pitching for Provo Mango : RHP Kevin Pruitt
Batting: SHB Rich McElroy 0-0: Ball
1-0: Ball
2-0: Ball
3-0: Called Strike
3-1: Base on Balls
Batting: RHB Jon Huband 0-0: Ball
1-0: Foul Ball, location: 2F
1-1: Ball
2-1: Fly out, F8 (Flyball, 89D)
Batting: RHB Grady Harris 0-0: Fly out, F8 (Flyball, 8LD)
Batting: RHB Jeff Fox 0-0: Called Strike
0-1: Ball
1-1: Foul Ball, location: 2F
1-2: Ground out 6-3 (Groundball, 6S)
Bottom of the 8th over - 0 runs, 0 hits, 0 errors, 1 left on base; Provo 6 - Valley 0
TOP OF THE 9TH
Provo Mango batting - Pitching for Valley Blue Sox : RHP Naoaki Iwasaki
Batting: RHB Juan Ibarra 0-0: Ball
1-0: Ball
2-0: Ball
3-0: Called Strike
3-1: SINGLE (Groundball, 56D)
Batting: SHB Celio Guimaraens 0-0: Called Strike
0-1: Foul Ball, location: 2F
0-2: Strikes out swinging
Batting: RHB Daniel Woods Pickoff Throw to First - Out!
0-0: Called Strike
0-1: Swinging Strike
0-2: Ball
1-2: Ball
2-2: Fly out, F5 (Line Drive, 56)
Top of the 9th over - 0 runs, 1 hit, 0 errors, 0 left on base; Provo 6 - Valley 0
BOTTOM OF THE 9TH
Valley Blue Sox batting - Pitching for Provo Mango : RHP Kevin Pruitt
Now at 1B: Frans Boone
Batting: RHB Marvin Overbeek 0-0: Called Strike
0-1: Ground out 6-3 (Groundball, 56)
Batting: SHB Donnie Magee 0-0: Ball
1-0: Called Strike
1-1: Ball
2-1: Foul Ball, location: 2F
2-2: Ball
3-2: Fly out, F7 (Flyball, 7S)
Batting: RHB Rob Brooks 0-0: Ball
1-0: Ball
2-0: Called Strike
2-1: Ball
3-1: Called Strike
3-2: Fly out, F8 (Flyball, 8RXD)
Bottom of the 9th over - 0 runs, 0 hits, 0 errors, 0 left on base; Provo 6 - Valley 0
Friday, March 29th, 2019 - OOTP Baseball 18.8 Build 76